AoeStats
← keda

Arena

504043171Analyzed
3v3 RM · 29d ago on Sep 3, 2026· 83m 28s· 6 players
Game mode
Random Map
Map size
Normal (6 player)
Population
200
Speed
Normal
Resources
Standard
Victory
Conquest
Starting age
Dark Age
Ending age
Imperial Age
RankedLock teamsTeams togetherTeam positionsShared explorationLock speedFull tech treeHidden civsTurbo modeCheats
Victory
Defeat
🇫🇷 Persians · France
673
+11
🇧🇷 Bengalis · Brazil
475
+19
🇩🇪 Khmer · Germany
457
+20
🇵🇭 Maya · Philippines
686
-50
🇵🇭 Bohemians · Philippines
485
-15
🇵🇭 Burgundians · Philippines
480
-13
in bubble butts we trust
0:31 Loom
13:11 Feudal Age
13:37 Horse Collar
13:46 Double-Bit Axe
14:53 Wheelbarrow
25:59 Castle Age
26:10 Gold Mining
26:43 Caravan
27:37 Hand Cart
27:40 Bow Saw
27:31 Stone Mining
27:59 Heavy Plow
30:53 Stone Shaft Mining
30:58 Gold Shaft Mining
32:47 Fervor
35:16 Town Watch
38:15 Imperial Age
36:54 Ballistics
36:45 Fortified Wall
38:49 Town Patrol
40:08 Crop Rotation
40:43 Chemistry
39:53 Scale Barding Armor
39:48 Padded Archer Armor
39:39 Fletching
41:12 Elite Ballista Elephant
42:14 Double Crossbow
44:23 Chain Barding Armor
44:18 Leather Archer Armor
43:59 Bodkin Arrow
46:19 Plate Barding Armor
47:29 Tusk Swords
50:20 Ring Archer Armor
49:51 Bracer
53:26 Coinage
53:09 Masonry
53:04 Siege Engineers
53:03 Scale Mail Armor
53:14 Forging
57:30 Chain Mail Armor
57:51 Iron Casting
57:51 Architecture
57:17 Murder Holes
59:10 Elite Battle Elephant
59:54 Husbandry
60:12 Bloodlines
Edo 06
10:23 Feudal Age
10:55 Double-Bit Axe
10:52 Horse Collar
14:38 Gold Mining
19:56 Castle Age
17:56 Stone Mining
18:52 Scale Barding Armor
21:12 Bow Saw
21:04 Heavy Plow
21:29 Chain Barding Armor
22:51 Stone Shaft Mining
22:43 Forging
29:02 Kamandaran
31:32 Thumb Ring
31:33 Crossbowman
36:51 Imperial Age
34:43 Fletching
34:53 Padded Archer Armor
38:30 Husbandry
38:40 Bloodlines
42:42 Ballistics
43:22 Chemistry
43:00 Iron Casting
43:00 Plate Barding Armor
47:11 Blast Furnace
46:07 Bodkin Arrow
46:27 Leather Archer Armor
47:02 Conscription
47:35 Citadels
48:37 Two-Man Saw
49:51 Elite War Elephant
52:00 Crop Rotation
53:21 Hoardings
Spartanloko
15:49 Feudal Age
16:36 Double-Bit Axe
16:15 Man-at-Arms
19:10 Wheelbarrow
18:58 Town Watch
19:04 Horse Collar
22:25 Forging
22:30 Scale Mail Armor
23:55 Arson
24:46 Scale Barding Armor
26:33 Fletching
26:44 Padded Archer Armor
30:08 Castle Age
30:57 Stone Mining
30:58 Gold Mining
31:33 Bloodlines
33:09 Long Swordsman
33:36 Gambesons
33:52 Squires
33:12 Pikeman
33:55 Heavy Plow
34:09 Bow Saw
35:06 Iron Casting
34:48 Chain Mail Armor
34:55 Ballistics
34:31 Murder Holes
34:47 Fortified Wall
34:29 Heated Shot
34:54 Husbandry
34:16 Light Cavalry
41:40 Hand Cart
41:25 Town Patrol
44:06 Imperial Age
41:52 Fervor
42:39 Paiks
42:57 Chain Barding Armor
42:50 Caravan
43:12 Treadmill Crane
43:23 Guard Tower
43:44 Masonry
46:59 Crop Rotation
47:33 Blast Furnace
47:09 Plate Barding Armor
47:38 Two-Man Saw
46:10 Elite Skirmisher
48:36 Gold Shaft Mining
49:15 Chemistry
48:03 Arrowslits
53:09 Elite Battle Elephant
53:54 Two-Handed Swordsman
56:10 Elite Elephant Archer
59:11 Champion
60:56 Conscription
64:44 Siege Elephant
65:04 Crossbowman
Bakkenn
10:23 Feudal Age
9:34 Double-Bit Axe
11:33 Horse Collar
12:48 Bow Saw
14:39 Wheelbarrow
16:01 Gold Mining
18:53 Castle Age
18:31 Stone Mining
25:20 Scale Barding Armor
25:27 Forging
26:22 Two-Man Saw
25:51 Cavalier
28:02 Pikeman
29:34 Squires
29:20 Arson
29:45 Heavy Plow
30:08 Scale Mail Armor
31:51 Iron Casting
31:27 Husbandry
36:08 Chain Barding Armor
37:29 Gold Shaft Mining
38:10 Hand Cart
39:57 Chain Mail Armor
43:32 Caravan
45:20 Coinage
45:48 Fletching
45:58 Padded Archer Armor
46:50 Burgundian Vineyards
47:15 Loom
47:17 Town Watch
47:55 Treadmill Crane
48:28 Masonry
48:41 Ballistics
52:26 Imperial Age
50:05 Town Patrol
51:49 Bodkin Arrow
52:09 Leather Archer Armor
52:11 Fortified Wall
51:58 Murder Holes
54:35 Architecture
55:06 Chemistry
53:38 Paladin
53:41 Halberdier
56:06 Stone Shaft Mining
57:34 Blast Furnace
57:05 Plate Mail Armor
57:11 Plate Barding Armor
64:35 Light Cavalry
Isdapatay
14:01 Feudal Age
14:58 Double-Bit Axe
15:00 Horse Collar
18:47 Castle Age
17:19 Loom
20:30 Bow Saw
20:23 Heavy Plow
24:42 Chemistry
30:03 Imperial Age
28:47 Forging
28:37 Scale Mail Armor
28:42 Scale Barding Armor
29:41 Pikeman
30:22 Squires
37:56 Two-Man Saw
40:47 Houfnice
43:47 Iron Casting
43:03 Fletching
43:13 Padded Archer Armor
43:48 Chain Mail Armor
44:29 Caravan
44:59 Coinage
48:23 Coinage
48:57 Blast Furnace
47:54 Halberdier
66:11 Plate Mail Armor
65:56 Leather Archer Armor
65:36 Bodkin Arrow
66:02 Chain Barding Armor
keda
10:54 Feudal Age
9:11 Loom
13:37 Wheelbarrow
12:53 Town Watch
13:32 Double-Bit Axe
16:18 Loom
20:03 Castle Age
19:54 Padded Archer Armor
19:47 Fletching
20:00 Scale Mail Armor
20:04 Padded Archer Armor
22:32 Elite Skirmisher
22:35 Crossbowman
25:46 Bow Saw
31:58 Hul'che Javelineers
34:31 Hand Cart
34:12 Town Watch
41:58 Masonry
42:12 Ballistics
44:38 Imperial Age
42:21 Town Patrol
42:22 Treadmill Crane
42:48 Murder Holes
43:04 Fortified Wall
43:54 Pikeman
43:55 Man-at-Arms
44:38 Squires
44:24 Arson
44:48 Thumb Ring
47:14 Elite Plumed Archer
48:35 Hoardings
48:27 Conscription
48:42 Arbalester
55:26 Long Swordsman
59:19 Two-Man Saw
Connection lost

Rejoining the realm…

Still unreachable

The connection could not be restored.

Session expired

The server has moved on; the page needs a fresh start.